 Dungeon Crawl Stone Soup version 0.24-a0-373-g39439d866b (webtiles) character file.

Game seed: 72983240799221574

1091 vurker the Cleaver (level 8, -2/73 HPs)
             Began as a Hill Orc Fighter on May 30, 2019.
             Was a Follower of Yredelemnul.
             Slain by a two-headed ogre
             ... wielding a cursed -2 giant spiked club
              (12 damage)
             ... on level 6 of the Dungeon.
             The game lasted 00:10:45 (4118 turns).

vurker the Cleaver (Hill Orc Fighter)               Turns: 4118, Time: 00:10:45

Health: -2/73      AC: 12    Str: 26    XL:     8   Next: 31%
Magic:  11/11      EV:  5    Int:  8    God:    Yredelemnul [*.....]
Gold:   265        SH:  8    Dex: 10    Spells: 7/7 levels left

rFire    . . .     SeeInvis .   a - +0 war axe
rCold    . . .     Gourm    .   c - +0 shield
rNeg     . . .     Faith    .   p - +1 chain mail
rPois    +         Spirit   .   q - +0 helmet
rElec    .         Reflect  .   w - +0 cloak
rCorr    .         Harm     .   b - +0 pair of gloves
MR       .....                  (no boots)
Stlth    ..........             (no amulet)
HPRegen  0.22/turn              j - ring of poison resistance
MPRegen  0.12/turn              (no ring)

@: mighty, heavily drained
A: no striking features
a: Animate Remains, Renounce Religion


You were on level 6 of the Dungeon.
You worshipped Yredelemnul.
Yredelemnul was aware of your devotion.
You were not hungry.

You visited 2 branches of the dungeon, and saw 7 of its levels.

You collected 265 gold pieces.

Inventory:

Hand Weapons
 a - a +0 war axe (weapon)
Armour
 b - a +0 pair of gloves (worn)
   (You found it on level 2 of the Dungeon)
 c - a +0 shield (worn)
 p - a +1 chain mail (worn)
   (You took it off an orc on level 2 of the Dungeon)
 q - a +0 helmet (worn)
   (You found it on level 2 of the Dungeon)
 w - a +0 cloak (worn)
   (You found it on level 4 of the Dungeon)
Jewellery
 j - a ring of poison resistance (left hand)
   (You found it on level 1 of the Dungeon)
 y - an uncursed amulet of faith {unknown}
   (You found it on level 5 of the Dungeon)
Wands
 v - a wand of digging (6)
   (You found it on level 3 of the Dungeon)
Scrolls
 f - 2 scrolls of fear
 l - 3 scrolls of enchant armour
 u - a scroll of remove curse {@r2}
 x - 3 scrolls of teleportation {@r4}
Potions
 g - 2 potions of mutation {!q}
 h - 2 potions of haste {@q3}
 i - 4 potions of flight
 k - a potion of invisibility {unknown}
 m - 2 potions of curing {unknown}
 n - a potion of brilliance {unknown}
 o - 4 potions of resistance
 s - a potion of cancellation {unknown}
 t - a potion of agility {unknown}
Comestibles
 e - 14 rations {!d}
 r - 5 chunks of flesh


   Skills:
 + Level 7.0(4.7) Fighting
 * Level 9.7(7.2) Axes
 - Level 3.2(1.2) Armour
 - Level 3.2(1.2) Shields
 + Level 4.5(2.4) Invocations


You had 7 spell levels left.
You didn't know any spells.
Your spell library was empty.

Dungeon Overview and Level Annotations

Branches:
Dungeon (6/15)             Temple (1/1) D:4

Altars:
Ashenzari
Cheibriados
Dithmenos
Elyvilon
Gozag
Hepliaklqana
Kikubaaqudgha
Makhleb
Nemelex Xobeh
Okawaru
Qazlal
Ru
Sif Muna
Trog
Uskayaw
Vehumet
Wu Jian
Xom
Yredelemnul
Zin
The Shining One

Shops:
D:4 (


Message History

Done exploring.
Done exploring.
Some of the chunks of flesh in your inventory have rotted away.
You see here a +0 chain mail.
There is a stone staircase leading down here.
You climb downwards.
A leopard gecko and 2 jackals come into view.
The jackal barks!
Found a bone ring and a ration.
There is a stone staircase leading up here.
You hit the jackal.
You kill the jackal!
Yredelemnul accepts your kill.
You hit the jackal.
You kill the jackal!
Yredelemnul accepts your kill.
An adder comes into view.
The adder moves out of view.
The leopard gecko bites you but does no damage.
You closely miss the leopard gecko.
The leopard gecko bites you but does no damage.
You slash the leopard gecko!
You kill the leopard gecko!
Yredelemnul accepts your kill.
No target in view!
There is a stone staircase leading up here.
You butcher the jackal corpse.
r - 5 chunks of flesh (gained 1)
You see here a jackal skeleton. x2
A two-headed ogre comes into view.
It is wielding a -2 giant spiked club and a +0 giant club.
You see here a bone ring.
The two-headed ogre shouts in stereo!
There is a stone staircase leading up here.
You feel very mighty all of a sudden.
You barely miss the two-headed ogre.
The two-headed ogre hits you with a cursed -2 giant spiked club!!
The two-headed ogre hits you with a +0 giant club!
* * * LOW HITPOINT WARNING * * *
You slash the two-headed ogre!
Your shield and chain mail prevent you from hitting the adder.
The adder bites you.
* * * LOW HITPOINT WARNING * * *
The two-headed ogre hits you with a cursed -2 giant spiked club!!
* * * LOW HITPOINT WARNING * * *
The two-headed ogre barely misses you.
You slash the two-headed ogre! You miss the adder.
The adder bites you but does no damage.
The two-headed ogre hits you with a cursed -2 giant spiked club!
You die...
Your body rises from the dead as a mindless zombie.

#.......#
#.......##
.....%..
#...... #.....
#....# #....#
#..OS##
#..@..##
#.=....##
#.......#
#........#
#...........#
#............#
###............
##...........
######......


You could see a two-headed ogre and an adder.

Vanquished Creatures
  Sigmund (D:5)
  Duvessa (D:5)
  3 sky beasts (D:5)
  Dowan (D:5)
  A crimson imp (D:5)
  4 orc priests (D:5)
  Natasha (D:2)
  7 worker ants
  4 adders
  An ooze (D:1)
  A worm (D:3)
  3 dart slugs
  3 leopard geckos
  15 orcs
  2 ball pythons
  7 bats
  3 giant cockroaches (D:1)
  8 goblins
  8 hobgoblins
  4 jackals
  5 quokkas
  A frilled lizard (D:1)
  6 kobolds
  3 rats
93 creatures vanquished.

Vanquished Creatures (others)
  A giant cockroach (D:5)
  A jackal (D:5)
2 creatures vanquished.

Grand Total: 95 creatures vanquished

Notes
Turn   | Place    | Note
-------+----------+-------------------------------------------
     0 | D:1      | vurker the Hill Orc Fighter began the quest for the Orb.
     0 | D:1      | Reached XP level 1. HP: 19/19 MP: 1/1
    26 | D:1      | Reached skill level 3 in Axes
   173 | D:1      | Reached XP level 2. HP: 27/27 MP: 2/2
   511 | D:1      | Reached skill level 4 in Axes
   529 | D:1      | Reached XP level 3. HP: 33/33 MP: 3/3
   757 | D:2      | Found a hazy altar of Hepliaklqana.
   765 | D:2      | Noticed Natasha
   779 | D:2      | Killed Natasha
   779 | D:2      | Reached XP level 4. HP: 15/41 MP: 4/4
   984 | D:2      | Found a glowing silver altar of Zin.
  1000 | D:2      | Reached skill level 5 in Axes
  1033 | D:2      | Found a shadowy altar of Dithmenos.
  1700 | D:3      | Reached XP level 5. HP: 46/47 MP: 5/5
  1879 | D:3      | Found an opulent altar of Gozag.
  2341 | D:4      | Reached skill level 5 in Fighting
  2341 | D:4      | Reached skill level 6 in Axes
  2370 | D:4      | Found Qogeh's Weapon Shoppe.
  2592 | D:4      | Reached XP level 6. HP: 47/56 MP: 6/6
  2689 | D:4      | Found a staircase to the Ecumenical Temple.
  2695 | Temple   | Entered the Ecumenical Temple
  2749 | Temple   | Became a worshipper of Yredelemnul the Dark
  2809 | D:5      | Entered Level 5 of the Dungeon
  2809 | D:5      | Noticed Sigmund
  2872 | D:5      | Killed Sigmund
  2872 | D:5      | Reached skill level 7 in Axes
  2872 | D:5      | Reached skill level 1 in Invocations
  2940 | D:5      | Reached XP level 7. HP: 60/62 MP: 8/8
  2976 | D:5      | Reached skill level 8 in Axes
  3655 | D:5      | Found a shimmering altar of Xom.
  3685 | D:5      | Reached skill level 9 in Axes
  3685 | D:5      | Reached XP level 8. HP: 43/71 MP: 9/11
  3819 | D:5      | Noticed Duvessa
  3836 | D:5      | Noticed Dowan
  3841 | D:5      | Killed Duvessa
  3858 | D:5      | Killed Dowan
  3926 | D:5      | Reached * piety under Yredelemnul
  3992 | D:5      | Found an iron altar of Okawaru.
  4110 | D:6      | Noticed a two-headed ogre
  4118 | D:6      | Slain by a two-headed ogre

Levels and vault maps discovered:
D:1:      onia_arrival_pyramid, layout_basic, minmay_hedge_maze
D:2:      layout_basic, lemuel_crystal_altar, lemuel_round_altar,
          grunt_dithmenos_smoke_and_mirrors, uniq_natasha
D:3:      layout_loops_ring, minmay_misc_feat_rugged, nicolae_gozag_seed_capital
D:4:      layout_cave_pools, minmay_temple_entry_fiery, first_ration,
          serial_shops, shop
D:5:      layout_rooms, okawaru_gym_becter, xom_confusion_cloud, uniq_duvessa,
          uniq_sigmund
D:6:      minmay_polygon_palace, layout_layer_cave
Temple:   nicolae_temple_x_marks_the_god

Skill      XL: |  1  2  3  4  5  6  7  8 |
---------------+-------------------------+-----
Axes           | 3 4 5 6 7 9 |  9.7
Fighting       | 4 5 6 7 |  7.0
Invocations    | 2 4 |  4.5
Armour         | |  3.2
Shields        | |  3.2

Action                   |  1- 3 |  4- 6 |  7- 9 || total
-------------------------+-------+-------+-------++-------
Melee: War axe           |    66 |   144 |   148 ||   358
  Use: Scroll            |       |     7 |     2 ||     9
       Potion            |       |     1 |     3 ||     4
  Eat: Chunk             |       |     7 |     4 ||    11
Armor: Scale mail        |    26 |     3 |       ||    29
       Chain mail        |       |    59 |    87 ||   146
Dodge: Dodged            |    20 |    20 |    19 ||    59
Block: Shield            |    40 |    67 |    44 ||   151

Table legend:
 A = Non-vault XP
 B = Vault XP
 C = Vault XP percentage of total XP
 D = Non-vault monster count
 E = Vault monster count
 F = Vault count percentage of total count
                 A         B        C        D         E       F
            +---------+---------+-------+---------+---------+-------
      Total |     793 |     766 |  49.1 |      87 |       6 |   6.5
            +---------+---------+-------+---------+---------+-------
        D:1 |      41 |       0 |   0.0 |      19 |       0 |   0.0
        D:2 |      78 |      39 |  33.3 |      24 |       1 |   4.0
        D:3 |      38 |       0 |   0.0 |      13 |       0 |   0.0
        D:4 |     159 |       0 |   0.0 |      10 |       0 |   0.0
        D:5 |     470 |     727 |  60.7 |      18 |       5 |  21.7
        D:6 |       7 |       0 |   0.0 |       3 |       0 |   0.0
            +---------+---------+-------+---------+---------+-------
